 Dungeon Crawl Stone Soup version 0.27-a0-416-gca2cecf3c0 (webtiles) character file.

Game seed: 14716362833216047334

263 Morbidden the Slasher (level 5, -5/41 HPs)
             Began as a Demonspawn Fighter on Feb 25, 2021.
             Slain by an ogre
             ... wielding a +0 giant spiked club
              (19 damage)
             ... on level 4 of the Dungeon.
             The game lasted 00:02:47 (4438 turns).

Morbidden the Slasher (Demonspawn Fighter)          Turns: 4438, Time: 00:02:48

Health: -5/41      AC:  9    Str: 17    XL:     5   Next: 98%
Magic:  5/5        EV:  5    Int: 10    God:
Gold:   88         SH:  9    Dex: 12    Spells: 4/4 levels left

rFire    . . .     SeeInvis .   a - +0 long sword
rCold    . . .     Faith    .   c - +0 kite shield
rNeg     . . .     Spirit   .   n - +0 chain mail
rPois    +         Reflect  .   (no helmet)
rElec    .         Harm     .   (no cloak)
rCorr    .         Rampage  .   (no gloves)
Will     .....                  (no boots)
Stlth    ..........             (no amulet)
HPRegen  0.13/turn              j - ring of poison resistance
MPRegen  0.09/turn              (no ring)

@: no status effects
A: talons 1, powered by pain 1
a: no special abilities


You were on level 4 of the Dungeon.
You visited 1 branch of the dungeon, and saw 4 of its levels.

You collected 88 gold pieces.

Inventory:

Hand Weapons
 a - a +0 long sword (weapon)
Missiles
 e - 25 poisoned darts (quivered)
Armour
 c - a +0 kite shield (worn)
 n - a +0 chain mail (worn)
 o - a +0 helmet
Jewellery
 j - a ring of poison resistance (left hand)
Scrolls
 f - a scroll of immolation {unknown}
 g - a scroll of fog {unknown}
 h - a scroll of magic mapping {unknown}
 i - 4 scrolls of identify {unknown}
 m - a scroll of teleportation {unknown}
Potions
 b - 2 potions of attraction {unknown}
 d - a potion of might
 k - a potion of haste {unknown}
 l - 3 potions of curing {unknown}


   Skills:
 + Level 3.5 Fighting
 + Level 3.8 Long Blades
 + Level 1.3 Throwing
 + Level 3.5 Armour
 + Level 0.9 Dodging
 + Level 0.5 Stealth
 + Level 3.3 Shields


You had 4 spell levels left.
You didn't know any spells.
Your spell library was empty.

Dungeon Overview and Level Annotations

Branches:
Dungeon (4/15)
 Temple: D:4-7

Altars:
Qazlal
Sif Muna


Innate Abilities, Weirdness & Mutations

You have sharp toenails.
You sometimes gain a little power by taking damage.


Message History

You block the howler monkey's attack.
The howler monkey hits you but does no damage.
You hit the howler monkey.
The howler monkey is almost dead.
The howler monkey hoots and howls with incredible vigour!
You completely miss the howler monkey. You claw the howler monkey.
You kill the howler monkey!
An ogre opens the door.
Found 4 gold pieces.
You see here a +0 helmet.
o - a +0 helmet Throw: 29 darts (poison)
Press: ? - help, Q - select action Shift-Dir - straight line, f - ogre
Aim: an ogre, wielding a +0 giant spiked club (71% to hit)
You throw a poisoned dart. The poisoned dart hits the ogre.
Unknown command.
Throw: 28 darts (poison)
Press: ? - help, Q - select action Shift-Dir - straight line, f/p - ogre
Aim: an ogre, wielding a +0 giant spiked club (73% to hit)
You throw a poisoned dart. The poisoned dart hits the ogre.
The ogre is poisoned.
Unknown command.
Throw: 27 darts (poison)
Press: ? - help, Q - select action Shift-Dir - straight line, f/p - ogre
Aim: an ogre, wielding a +0 giant spiked club (lightly wounded, poisoned, 73% to hit)
You throw a poisoned dart. The poisoned dart hits the ogre.
The ogre looks even sicker.
The ogre is lightly wounded.
Unknown command.
Throw: 26 darts (poison)
Press: ? - help, Q - select action Shift-Dir - straight line, p - ogre You throw a poisoned dart.
The poisoned dart barely misses the ogre.
You hit the ogre but do no damage.
The ogre is lightly wounded.
The ogre hits you with a +0 giant spiked club!
You hit the ogre. Your kick misses the ogre.
The ogre is heavily wounded.
The ogre hits you with a +0 giant spiked club!!
You die...

#......#............
#..(...#######.####.
#..(.........#.####.
#............#......
#..(.........#......
#..(.........#......
####............######.
#$....O#####.......###†
#.....@# #.......#...
#......# #.......'...
#......# #.......#...
#......# #.......#...
#......# #.......####
######## #########


You could see an ogre (poisoned).

Vanquished Creatures
  A hound (D:4)
  A howler monkey (D:4)
  Terence (D:2)
  Natasha (D:4)
  2 worker ants
  4 adders
  5 worms
  A giant cockroach (D:2)
  6 goblins
  12 hobgoblins
  2 quokkas
  4 bats
  2 frilled lizards
  8 kobolds
  6 rats
56 creatures vanquished.

Notes
Turn   | Place    | Note
-------+----------+-------------------------------------------
     0 | D:1      | Morbidden the Demonspawn Fighter began the quest for the
                  | Orb.
     0 | D:1      | Reached XP level 1. HP: 18/18 MP: 1/1
   581 | D:1      | Gained mutation: You have sharp toenails. [demonic
                  | ancestry]
   581 | D:1      | Reached XP level 2. HP: 24/24 MP: 2/2
  2066 | D:2      | Reached XP level 3. HP: 25/29 MP: 3/3
  2414 | D:2      | Found a shimmering blue altar of Sif Muna.
  2448 | D:2      | Noticed Terence
  2469 | D:2      | Killed Terence
  2470 | D:2      | Reached skill level 1 in Throwing
  2668 | D:2      | Gained mutation: You sometimes gain a little power by
                  | taking damage. [demonic ancestry]
  2668 | D:2      | Reached XP level 4. HP: 35/35 MP: 4/4
  3197 | D:2      | Found a faded altar of an unknown god.
  3504 | D:3      | Found a stormy altar of Qazlal.
  4301 | D:3      | Reached XP level 5. HP: 41/41 MP: 5/5
  4396 | D:4      | Noticed Natasha
  4406 | D:4      | Killed Natasha
  4422 | D:4      | Noticed an ogre
  4438 | D:4      | Slain by an ogre

Illustrated notes

Levels and vault maps discovered:
D:1:      minmay_arrival_plants_in_alcoves, layout_basic
D:2:      layout_loops_corners, chequers_ecumenical_altar_grove,
          lemuel_blue_sif_altar, uniq_terence
D:3:      layout_loops_ring, nicolae_qazlal_eye_of_the_storm
D:4:      layout_gridville, vehumet_statue, serial_shops, shop, uniq_duvessa,
          uniq_natasha

Skill      XL: |  1  2  3  4  5 |
---------------+----------------+-----
Shields        | 3 |  3.3
Armour         | 3 |  3.5
Long Blades    | 2 3 |  3.8
Throwing       | 1 |  1.3
Fighting       | |  3.5
Dodging        | |  0.9
Stealth        | |  0.5

Action                   |  1- 3 |  4- 6 || total
-------------------------+-------+-------++-------
Melee: Long sword        |    72 |    94 ||   166
       Kick              |     9 |    24 ||    33
Throw: Dart              |    26 |     4 ||    30
       Boomerang         |     5 |       ||     5
Armor: Scale mail        |    28 |    17 ||    45
       Chain mail        |       |    37 ||    37
Dodge: Dodged            |    20 |    32 ||    52
Block: Kite shield       |    54 |    50 ||   104
       Rpst.: Long sword |     6 |    12 ||    18

Table legend: (Time is in decaauts)
 A = Elapsed time spent in this place.
 B = Non-inter-level travel time spent in this place.
 C = Inter-level travel time spent in this place.
 D = Time resting spent in this place.
 E = Time spent auto-exploring this place.
 F = Levels seen in this place.
 G = Mean time per level.
                   A        B        C        D        E       F      G
               +--------+--------+--------+--------+--------+-----+--------+
         Total |   4533 |   4154 |    379 |    396 |   3225 |   4 | 1133.2 |
       Dungeon |   4533 |   4154 |    379 |    396 |   3225 |   4 | 1133.2 |
               +--------+--------+--------+--------+--------+-----+--------+

Top non-repeatable levels by time:
     D:1: 1806 daAuts
     D:2: 1658 daAuts
     D:3: 933 daAuts
     D:4: 134 daAuts
